 Dungeon Crawl Stone Soup version 0.30-a0-354-g6b83867211 (webtiles) character file.

Game seed: 12111212710816191810

55 jzarrow the Poker (level 3, 0/31 HPs)
             Began as a Gnoll Reaver on Nov 7, 2022.
             Succumbed to an adder's poison
             ... on level 3 of the Dungeon.
             The game lasted 00:15:49 (1651 turns).

jzarrow the Poker (Gnoll Reaver)                    Turns: 1651, Time: 00:15:50

Health: 0/31       AC:  6    Str: 13    XL:     3   Next: 93%
Magic:  9/9        EV: 12    Int: 12    God:
Gold:   58         SH:  3    Dex: 10    Spells: 12/12 levels left

rFire   + . .      SeeInvis .    o - +2 short sword (vamp)
rCold   + . .      Faith    .    t - +0 buckler
rNeg    . . .      Spirit   .    b - +1 leather armour
rPois   .          Reflect  .    m - +1 helmet
rElec   .          Harm     .    p - scarf {rC+ rF+}
rCorr   .          Rampage  .    (no gloves)
Will    .....                    (no boots)
Stlth   +.........               (no amulet)
HPRegen 0.25/turn                (no ring)
MPRegen 0.11/turn                (no ring)

@: lethally poisoned (0 -> -3)
A: fangs 1, strong nose, distributed training
a: no special abilities


You were on level 3 of the Dungeon.
You visited 1 branch of the dungeon, and saw 3 of its levels.

You collected 58 gold pieces.

Inventory:

Hand Weapons
 a - a +0 spear
 g - a +0 dagger
 i - a +0 quarterstaff
 o - a +2 vampiric short sword (weapon)
Missiles
 c - 31 stones
 f - 10 poisoned darts
Armour
 b - a +1 leather armour (worn)
 j - a +0 ring mail
 k - a +1 robe
 m - a +1 helmet (worn)
 p - a scarf of resistance (worn)
 t - a +0 buckler (worn)
 u - a +0 ring mail
Scrolls
 d - a scroll of magic mapping
 e - 3 scrolls of identify {unknown}
 h - 2 scrolls of amnesia
 n - a scroll of enchant armour
 s - a scroll of enchant weapon {unknown}
Potions
 l - a potion of magic {unknown}
 q - 2 potions of resistance {unknown}
 r - a potion of curing


   Skills:
 + Level 4.6 Fighting
 + Level 1.0 Short Blades
 + Level 1.0 Long Blades
 + Level 1.0 Axes
 + Level 1.0 Maces & Flails
 + Level 6.5 Polearms
 + Level 1.0 Staves
 + Level 1.0 Ranged Weapons
 + Level 1.0 Throwing
 + Level 1.0 Armour
 + Level 4.6 Dodging
 + Level 1.0 Stealth
 + Level 1.0 Shields
 + Level 1.0 Unarmed Combat
 + Level 5.0 Spellcasting
 + Level 5.4 Conjurations
 + Level 0.7 Hexes
 + Level 0.7 Summonings
 + Level 0.7 Necromancy
 + Level 0.7 Translocations
 + Level 0.7 Transmutations
 + Level 0.7 Fire Magic
 + Level 0.7 Ice Magic
 + Level 0.7 Air Magic
 + Level 0.7 Earth Magic
 + Level 0.7 Poison Magic
 + Level 1.1 Invocations
 + Level 1.0 Evocations


You had 12 spell levels left.
You didn't know any spells.
Your spell library contained the following spells:

 Spells                   Type           Power      Damage    Failure   Level
 Kiss of Death            Conj/Necr      40%        2d8       10%         1
 Momentum Strike          Conj/Tloc      20%        3d8       14%         2
 Hailstorm                Conj/Ice       10%        3d5       28%         3


Dungeon Overview and Level Annotations

Branches:
Dungeon (2/15)

Altars:
Ru

Annotations:
D:3 Ijyb


Innate Abilities, Weirdness & Mutations

You have very sharp teeth.
Your uncanny sense of smell can sniff out nearby items.
Your experience applies equally to all skills.


Message History

The adder barely misses you.
You hit Ijyb but do no damage. You bite Ijyb, but do no damage.
Ijyb is heavily wounded.
The adder bites you but does no damage.
Ijyb zaps a wand.
The puff of flame misses you.
You hit Ijyb but do no damage.
Ijyb is heavily wounded.
The adder misses you.
Ijyb zaps a wand.
The puff of flame hits you. You resist.
* * * LOW HITPOINT WARNING * * *
The adder bites you but does no damage.
Ijyb zaps a wand.
The puff of flame hits you. You resist.
* * * LOW HITPOINT WARNING * * *
The adder closely misses you.
You see here 9 gold pieces.
You hit the adder.
You feel better.
The adder is severely wounded.
The adder misses you. The adder barely misses you.
You barely miss the adder.
The adder is severely wounded.
The adder bites you. Ijyb hits you with a +5 club.
You completely miss the adder.
The adder is severely wounded.
The adder bites you but does no damage. Ijyb closely misses you.
You block the adder's attack. Ijyb barely misses you.
You hit Ijyb.
You feel better.
Ijyb is heavily wounded.
The adder bites you. Ijyb hits you with a +5 club.
* * * LOW HITPOINT WARNING * * *
The adder attacks as you move away! The adder bites you.
* * * LOW HITPOINT WARNING * * *
You are lethally poisoned!
The adder poisons you! Ijyb attacks as you move away! You block Ijyb's attack.
* * * LOW HITPOINT WARNING * * *
You feel sick. The adder barely misses you.
* * * LOW HITPOINT WARNING * * *
You feel sick. The adder attacks as you move away!
You block the adder's attack.
* * * LOW HITPOINT WARNING * * *
You feel sick.
You die...

##..
#######...####..
##.#
#...............
.#
................
..
#......$........
######....#.##..
#..........
#..Sg#.####
#....#.# #..@.#
# #......#
###.#### ..# ...
#... ..## #.


You could see Ijyb and an adder.

Vanquished Creatures
  2 adders (D:2)
  A worm (D:3)
  A dart slug (D:1)
  2 ball pythons
  5 bats
  4 endoplasms (D:1)
  A giant cockroach (D:2)
  2 goblins (D:2)
  A hobgoblin (D:2)
  3 quokkas
  A frilled lizard (D:1)
  3 kobolds
  5 rats
31 creatures vanquished.

Vanquished Creatures (others)
  3 fungi (D:3)
3 creatures vanquished.

Grand Total: 34 creatures vanquished

Notes
Turn   | Place    | Note
-------+----------+-------------------------------------------
     0 | D:1      | jzarrow the Gnoll Reaver began the quest for the Orb.
     0 | D:1      | Reached XP level 1. HP: 20/20 MP: 6/6
   292 | D:1      | Reached XP level 2. HP: 21/26 MP: 7/7
   897 | D:2      | Reached skill level 5 in Spellcasting
   897 | D:2      | Reached XP level 3. HP: 13/31 MP: 7/9
   999 | D:2      | Found a sacrificial altar of Ru.
  1291 | D:2      | Reached skill level 1 in Invocations
  1480 | D:2      | Reached skill level 1 in Short Blades
  1480 | D:2      | Reached skill level 1 in Long Blades
  1480 | D:2      | Reached skill level 1 in Axes
  1480 | D:2      | Reached skill level 1 in Maces & Flails
  1480 | D:2      | Reached skill level 1 in Staves
  1480 | D:2      | Reached skill level 1 in Ranged Weapons
  1480 | D:2      | Reached skill level 1 in Throwing
  1480 | D:2      | Reached skill level 1 in Armour
  1480 | D:2      | Reached skill level 1 in Stealth
  1480 | D:2      | Reached skill level 1 in Shields
  1480 | D:2      | Reached skill level 1 in Unarmed Combat
  1480 | D:2      | Reached skill level 1 in Evocations
  1571 | D:2      | You fall into a shaft and drop 1 floor!
  1617 | D:3      | Noticed Ijyb
  1650 | D:3      | HP: 1/31 [poisoned by an adder]
  1651 | D:3      | Succumbed to an adder's poison

Illustrated notes

Levels and vault maps discovered:
D:1:      minmay_arrival_shattered_statue, layout_basic, minmay_liquid_box
D:2:      layout_loops_corners, basic_altar, patterned_corridor
D:3:      layout_loops_cross, nicolae_overflow_hidden_temple,
          mainiacjoe_overflow_chevrons, uniq_ijyb

Skill      XL: |  1  2  3 |
---------------+----------+-----
Spellcasting   | 5 |  5.0
Invocations    | 1 |  1.1
Short Blades   | 1 |  1.0
Long Blades    | 1 |  1.0
Axes           | 1 |  1.0
Maces & Flails | 1 |  1.0
Staves         | 1 |  1.0
Ranged Weapons | 1 |  1.0
Throwing       | 1 |  1.0
Armour         | 1 |  1.0
Stealth        | 1 |  1.0
Shields        | 1 |  1.0
Unarmed Combat | 1 |  1.0
Evocations     | 1 |  1.0
Fighting       | |  4.6
Polearms       | |  6.5
Dodging        | |  4.6
Conjurations   | |  5.4
Hexes          | |  0.7
Summonings     | |  0.7
Necromancy     | |  0.7
Translocations | |  0.7
Transmutations | |  0.7
Fire Magic     | |  0.7
Ice Magic      | |  0.7
Air Magic      | |  0.7
Earth Magic    | |  0.7
Poison Magic   | |  0.7

Action                   || total
-------------------------++-------
Melee: Spear             ||    36
       Bite              ||     9
       Quarterstaff      ||    31
       Short sword       ||    55
  Use: Scroll            ||     6
       Potion            ||     4
Armor: Leather armour    ||    40
       Skin              ||     1
Dodge: Dodged            ||   101
Block: Buckler           ||    10

Table legend: (Time is in decaauts)
 A = Elapsed time spent in this place.
 B = Non-inter-level travel time spent in this place.
 C = Inter-level travel time spent in this place.
 D = Time resting spent in this place.
 E = Time spent auto-exploring this place.
 F = Levels seen in this place.
 G = Mean time per level.
                   A        B        C        D        E       F      G
               +--------+--------+--------+--------+--------+-----+--------+
         Total |   1654 |   1611 |     43 |     22 |      0 |   3 |  551.3 |
       Dungeon |   1654 |   1611 |     43 |     22 |      0 |   3 |  551.3 |
               +--------+--------+--------+--------+--------+-----+--------+

Top non-repeatable levels by time:
     D:2: 835 daAuts
     D:1: 739 daAuts
     D:3: 79 daAuts
